NULL
Full Scoreboard »»

Maple Leafs vs Capitals

Created - May 15, 2024 at 20:07

Goals
1 2 3 OT1 T
Maple Leafs 0 1 1 0 2
Capitals 0 1 1 1 3
Shots
1 2 3 OT1 T
Maple Leafs 9 12 9 2 32
Capitals 7 11 12 1 31

GoalsPenalties
1st period
No Goal
Stefan Noesen (WAS) for Fighting (Major) at 5:13
William Nylander (TOR) for Fighting (Major) at 5:13
2nd period
1. Maple Leafs , Dawson Mercer 14 (Will Smith 33, Morgan Rielly 29) at 6:16
2. Capitals , Alex Ovechkin 23 (David Savard 20, Leon Draisaitl 35) at 8:37 (PP)
Dylan Strome (TOR) for Tripping (Minor) at 8:30
Kris Letang (TOR) for High sticking (Minor) at 11:02
Sean Durzi (TOR) for Roughing (Minor) at 13:24
3rd period
3. Maple Leafs , Will Smith 13 (Morgan Rielly 30, Jason Spezza 4) at 6:48
4. Capitals , Filip Chytil 5 (David Savard 21, Alex Pietrangelo 28) at 17:17
Sean Durzi (TOR) for Roughing (Minor) at 3:24
Dylan Strome (TOR) for Tripping (Minor) at 7:50
Matt Martin (WAS) for Fighting (Major) at 17:28
Ross Colton (TOR) for Fighting (Major) at 17:28
Overtime #1
5. Capitals , Zach Benson 20 (Joshua Norris 25, Alex Ovechkin 24) at 2:11
No Penalty
Goalie Stats
Marc-Andre Fleury (TOR), 28 saves from 31 shots - (0.903), OTL, 38-14-5, 62:11 minutes
Filip Gustavsson (WAS), 30 saves from 32 shots - (0.938), W, 22-23-6, 62:11 minutes
3 StarsOfficial
1 - Will Smith (TOR)
2 - Dawson Mercer (TOR)
3 - David Savard (WAS)
Referees : Unknown
Linesman : Unknown
Game Note
Stefan Noesen and William Nylander fight to a draw at 5:13 of 1st period
Matt Martin and Ross Colton fight to a draw at 17:28 of 3rd period



Team Name Goals Shots Shots Attemp Shots Blocked PIM HIT PP PK FO%
Maple Leafs 232691220340 / 0 (0.00%157%
Capitals 331711410211 / 5 (20%)043%

Maple Leafs
Player Name POS G A P +/- PIM HIT SHT SB MP PP MP PP SHT PK MP PK SHT FO% FOT GA TA
Andrew PeekeD0001020117:000:0001:2400% 000
Calle JarnkrokC/LW/RW0000013011:390:0000:3300% 000
Carter VerhaegheC/LW/RW000-1013014:050:0000:0900% 001
Dawson MercerC/RW1012023315:230:0001:22150% 200
Dylan StromeC/LW000-1432018:530:0002:40058% 1901
Jake BeanD0001022217:590:0002:3000% 000
Jason SpezzaC011002008:580:0000:00040% 500
Jonathan MarchessaultC/LW/RW000-1020120:190:0003:45050% 410
Kris LetangD0000230021:510:0002:2100% 001
Michael BuntingLW/RW000-1031013:450:0000:0000% 110
Morgan RiellyD0221002123:030:0003:4100% 010
Nick SuzukiC/RW0000024017:540:0003:52081% 1610
Nicklas BackstromC/RW000000208:580:0000:0000% 000
Ross ColtonC/LW/RW0002541213:210:0000:0000% 003
Ryan GravesD000-1020022:290:0004:2200% 001
Sean DurziD000-1421119:490:0001:4800% 001
Will SmithC1122004114:010:0000:00043% 710
William NylanderC/LW/RW000-1534018:560:0003:45033% 602
Capitals
Player Name POS G A P +/- PIM HIT SHT SB MP PP MP PP SHT PK MP PK SHT FO% FOT GA TA
Alex IafalloLW/RW000-1023019:503:4900:000100% 111
Alex OvechkinLW/RW112-1004119:413:5410:0000% 010
Alex PietrangeloD0110004223:574:1100:0000% 000
Anthony CirelliC/LW/RW0001003320:063:5000:00040% 3000
Calvin de HaanD0000011221:593:5200:0000% 001
Chad RuhwedelC/LW/RW000-101208:120:0000:00050% 200
David SavardD0221020123:484:1100:0000% 010
Filip ChytilC/LW/RW1011013018:033:4700:0000% 010
Jesper FrodenRW000-100008:310:1900:000100% 100
Joshua NorrisC/LW/RW0112012018:223:5010:00033% 310
Kiefer SherwoodC/LW/RW000-101108:310:0000:0000% 000
Leon DraisaitlC/RW011-1023219:413:5410:00042% 1232
Matt MartinLW/RW0000571113:590:0000:0000% 000
Nick HoldenD000-1001015:140:0000:0000% 000
P.K. SubbanD0000010121:593:5200:0000% 000
Stefan NoesenC/LW/RW0000501013:370:1900:00045% 1110
Zach BensonLW1011001015:470:2700:0000% 010
Zach BogosianD000-1021115:140:0000:0000% 001

Maple Leafs

5 vs 5 Forward
Line #Left WingCenterRight WingPHYDFOFWanted %Time %Time Play
1William NylanderDylan StromeJonathan Marchessault1223030%15:46
2Michael BuntingNick SuzukiCarter Verhaeghe1223025%13:12
3Ross ColtonWill SmithDawson Mercer1222527%14:01
4Calle JarnkrokJason SpezzaNicklas Backstrom1221517%8:58
5 vs 5 Defense
Line #DefenseDefensePHYDFOFWanted %Time %Time Play
1Kris LetangMorgan Rielly1133535%18:21
2Ryan GravesSean Durzi1223535%18:07
3Andrew PeekeJake Bean1313030%15:29
4Kris LetangMorgan Rielly12200%0:00
Power Play Forward
Line #Left WingCenterRight WingPHYDFOFWanted %Time %Time Play
1Jonathan MarchessaultWilliam NylanderNick Suzuki122500%0:00
2Michael BuntingDylan StromeCarter Verhaeghe122500%0:00
Power Play Defense
Line #DefenseDefensePHYDFOFWanted %Time %Time Play
1Kris LetangMorgan Rielly122500%0:00
2Ryan GravesSean Durzi122500%0:00
Penalty Kill 4 Players Forward
Line #CenterWingPHYDFOFWanted %Time %Time Play
1William NylanderJonathan Marchessault1225047%3:45
2Dylan StromeNick Suzuki1225053%4:18
Penalty Kill 4 Players Defense
Line #DefenseDefensePHYDFOFWanted %Time %Time Play
1Kris LetangMorgan Rielly1225046%3:41
2Ryan GravesSean Durzi1225054%4:22
Penalty Kill 3 Players
Line #WingPHYDFOFWanted %Time %Time PlayDefenseDefensePHYDFOFWanted %Time %Time Play
1William Nylander122500%0:00 Kris LetangMorgan Rielly122500%0:00
2Jonathan Marchessault122500%0:00 Ryan GravesSean Durzi122500%0:00
4 vs 4 Forward
Line #CenterWingPHYDFOFWanted %Time %Time Play
1William NylanderJonathan Marchessault122500%0:00
2Dylan StromeNick Suzuki122500%0:00
4 vs 4 Defense
Line #DefensePHYDFOFWanted %Time %Time Play
1Kris LetangMorgan Rielly122500%0:00
2Ryan GravesSean Durzi122500%0:00
Last Minutes Offensive
Left WingCenterRight WingDefenseDefense
Jonathan MarchessaultWilliam NylanderNick SuzukiKris LetangMorgan Rielly
Last Minutes Defensive
Left WingCenterRight WingDefenseDefense
Jonathan MarchessaultWilliam NylanderNick SuzukiKris LetangMorgan Rielly
Time
Total ForwardTotal DefenseLast Minutes OffensiveLast Minutes Defensive
60:00 60:00 0:000:00
Extra Forwards
Normal PowerPlayPenalty Kill
Calle Jarnkrok, Carter Verhaeghe, Dylan StromeJason Spezza, Will SmithDawson Mercer
Extra Defensemen
Normal PowerPlayPenalty Kill
Andrew Peeke, Jake Bean, Ryan GravesAndrew Peeke, Jake BeanRyan Graves
Penalty Shots
William Nylander, Jonathan Marchessault, Dylan Strome, Nick Suzuki, Michael Bunting
Goalie
Marc-Andre Fleury, Connor Ingram
Custom OT Lines Forwards
William Nylander, Jonathan Marchessault, Dylan Strome, Nick Suzuki, Michael Bunting, Carter Verhaeghe, Will Smith, Dawson Mercer, Jason Spezza, Ross Colton
Custom OT Lines Defensemen
Kris Letang, Morgan Rielly, Ryan Graves, Sean Durzi, Andrew Peeke
Scratches
Danton Heinen (Healthy), Matthew Highmore (Healthy), Arvid Soderblom (Healthy)

Capitals

5 vs 5 Forward
Line #Left WingCenterRight WingPHYDFOFWanted %Time %Time Play
1Alex OvechkinLeon DraisaitlAlex Iafallo1223028%14:47
2Joshua NorrisAnthony CirelliFilip Chytil1223027%14:17
3Zach BensonStefan NoesenMatt Martin1223028%14:41
4Kiefer SherwoodChad RuhwedelJesper Froden1221016%8:12
5 vs 5 Defense
Line #DefenseDefensePHYDFOFWanted %Time %Time Play
1Alex PietrangeloDavid Savard1223535%18:12
2P.K. SubbanCalvin de Haan1223535%18:07
3Nick HoldenZach Bogosian1223029%15:14
4Alex PietrangeloDavid Savard12201%0:24
Power Play Forward
Line #Left WingCenterRight WingPHYDFOFWanted %Time %Time Play
1Alex OvechkinLeon DraisaitlAlex Iafallo1225052%4:13
2Joshua NorrisAnthony CirelliFilip Chytil1225048%3:50
Power Play Defense
Line #DefenseDefensePHYDFOFWanted %Time %Time Play
1Alex PietrangeloDavid Savard1225052%4:11
2P.K. SubbanCalvin de Haan1225048%3:52
Penalty Kill 4 Players Forward
Line #CenterWingPHYDFOFWanted %Time %Time Play
1Leon DraisaitlAlex Ovechkin122500%0:00
2Alex IafalloAnthony Cirelli122500%0:00
Penalty Kill 4 Players Defense
Line #DefenseDefensePHYDFOFWanted %Time %Time Play
1Alex PietrangeloDavid Savard122500%0:00
2P.K. SubbanCalvin de Haan122500%0:00
Penalty Kill 3 Players
Line #WingPHYDFOFWanted %Time %Time PlayDefenseDefensePHYDFOFWanted %Time %Time Play
1Leon Draisaitl122500%0:00 Alex PietrangeloDavid Savard122500%0:00
2Alex Ovechkin122500%0:00 P.K. SubbanCalvin de Haan122500%0:00
4 vs 4 Forward
Line #CenterWingPHYDFOFWanted %Time %Time Play
1Leon DraisaitlAlex Ovechkin122500%0:00
2Alex IafalloAnthony Cirelli122500%0:00
4 vs 4 Defense
Line #DefensePHYDFOFWanted %Time %Time Play
1Alex PietrangeloDavid Savard122500%0:00
2P.K. SubbanCalvin de Haan122500%0:00
Last Minutes Offensive
Left WingCenterRight WingDefenseDefense
Alex OvechkinLeon DraisaitlAlex IafalloAlex PietrangeloDavid Savard
Last Minutes Defensive
Left WingCenterRight WingDefenseDefense
Alex OvechkinLeon DraisaitlAlex IafalloAlex PietrangeloDavid Savard
Time
Total ForwardTotal DefenseLast Minutes OffensiveLast Minutes Defensive
60:00 60:00 0:000:00
Extra Forwards
Normal PowerPlayPenalty Kill
Zach Benson, Stefan Noesen, Matt MartinZach Benson, Stefan NoesenMatt Martin
Extra Defensemen
Normal PowerPlayPenalty Kill
Nick Holden, Zach Bogosian, P.K. SubbanNick Holden, Zach BogosianP.K. Subban
Penalty Shots
Leon Draisaitl, Alex Ovechkin, Alex Iafallo, Anthony Cirelli, Joshua Norris
Goalie
Filip Gustavsson, Kevin Lankinen
Custom OT Lines Forwards
Leon Draisaitl, Alex Ovechkin, Alex Iafallo, Anthony Cirelli, Joshua Norris, Zach Benson, Filip Chytil, Stefan Noesen, Matt Martin, Chad Ruhwedel
Custom OT Lines Defensemen
Alex Pietrangelo, David Savard, P.K. Subban, Calvin de Haan, Nick Holden
Scratches
Albin Grewe (Healthy), Alex Vlasic (Healthy), Sam Malinski (Healthy)


Play-by-Play

1st period


0:01 of 1st period - Dylan Strome wins face-off versus Leon Draisaitl in neutral zone.
0:53 of 1st period - Snap shot by Stefan Noesen.
0:53 of 1st period - Stopped by Marc-Andre Fleury with a rebound.
1:09 of 1st period - Morgan Rielly is hit by Kiefer Sherwood and loses puck.
1:52 of 1st period - Slapshot by William Nylander.
1:52 of 1st period - Shot Misses the Net.
2:49 of 1st period - Calvin de Haan is hit by Sean Durzi and loses puck.
3:12 of 1st period - Snap shot by William Nylander.
3:12 of 1st period - Stopped by Filip Gustavsson without a rebound.
3:13 of 1st period - Anthony Cirelli wins face-off versus Dylan Strome in Capitals zone.
3:57 of 1st period - Wrist shot by Nicklas Backstrom.
3:57 of 1st period - Stopped by Filip Gustavsson with a rebound.
4:03 of 1st period - Slapshot by Nicklas Backstrom.
4:03 of 1st period - Deflect By Alex Pietrangelo.
4:03 of 1st period - Shot Misses the Net.
4:03 of 1st period - Puck is out of play.
4:04 of 1st period - Jason Spezza wins face-off versus Leon Draisaitl in Capitals zone.
4:44 of 1st period - Wrist shot by Leon Draisaitl.
4:44 of 1st period - Stopped by Marc-Andre Fleury without a rebound.
4:45 of 1st period - Nick Suzuki wins face-off versus Anthony Cirelli in Maple Leafs zone.
4:58 of 1st period - Slapshot by Nick Suzuki.
4:58 of 1st period - Stopped by Filip Gustavsson without a rebound.
4:59 of 1st period - Dylan Strome wins face-off versus Stefan Noesen in Capitals zone.
5:13 of 1st period - Stefan Noesen and William Nylander fight to a draw.
5:13 of 1st period - Penalty to Stefan Noesen for Fighting.
5:13 of 1st period - Penalty to William Nylander for Fighting.
5:14 of 1st period - Anthony Cirelli wins face-off versus Nick Suzuki in neutral zone.
5:39 of 1st period - Dawson Mercer is hit by Matt Martin and loses puck.
5:52 of 1st period - David Savard is hit by Dylan Strome and loses puck.
6:22 of 1st period - Wrist shot by Chad Ruhwedel.
6:22 of 1st period - Shot Blocked by Andrew Peeke.
6:40 of 1st period - Slapshot by Dawson Mercer.
6:40 of 1st period - Shot Blocked by Calvin de Haan.
6:42 of 1st period - Wrist shot by Ross Colton.
6:42 of 1st period - Shot Misses the Net.
6:44 of 1st period - Slapshot by Dawson Mercer.
6:44 of 1st period - Deflect By Will Smith.
6:44 of 1st period - Stopped by Filip Gustavsson with a rebound.
7:12 of 1st period - Jesper Froden is hit by Ryan Graves and loses puck.
8:40 of 1st period - Wrist shot by Dylan Strome.
8:40 of 1st period - Stopped by Filip Gustavsson without a rebound.
8:41 of 1st period - Dylan Strome wins face-off versus Leon Draisaitl in Capitals zone.
8:44 of 1st period - Wrist shot by Dylan Strome.
8:44 of 1st period - Stopped by Filip Gustavsson without a rebound.
8:45 of 1st period - Dylan Strome wins face-off versus Anthony Cirelli in Capitals zone.
8:46 of 1st period - Snap shot by Jonathan Marchessault.
8:46 of 1st period - Deflect By Dylan Strome.
8:46 of 1st period - Shot Hit the Post.
8:46 of 1st period - Puck is out of play.
8:47 of 1st period - Will Smith wins face-off versus Anthony Cirelli in Capitals zone.
8:48 of 1st period - Snap shot by Dawson Mercer.
8:48 of 1st period - Shot Blocked by Anthony Cirelli.
9:12 of 1st period - Wrist shot by Jonathan Marchessault.
9:12 of 1st period - Shot Misses the Net.
9:47 of 1st period - Jesper Froden is hit by Michael Bunting and loses puck.
10:02 of 1st period - Snap shot by Calle Jarnkrok.
10:02 of 1st period - Stopped by Filip Gustavsson without a rebound.
10:03 of 1st period - Anthony Cirelli wins face-off versus Jason Spezza in Capitals zone.
10:12 of 1st period - Slapshot by Joshua Norris.
10:12 of 1st period - Shot Blocked by Jake Bean.
10:14 of 1st period - Slapshot by Alex Pietrangelo.
10:14 of 1st period - Shot Misses the Net.
10:16 of 1st period - Wrist shot by Anthony Cirelli.
10:16 of 1st period - Shot Misses the Net.
10:28 of 1st period - David Savard is hit by William Nylander and loses puck.
11:15 of 1st period - Snap shot by Andrew Peeke.
11:15 of 1st period - Shot Misses the Net.
11:17 of 1st period - Slapshot by Jake Bean.
11:17 of 1st period - Stopped by Filip Gustavsson with a rebound.
11:19 of 1st period - Backhand shot by Carter Verhaeghe.
11:19 of 1st period - Deflect By Nick Suzuki.
11:19 of 1st period - Shot Blocked by Anthony Cirelli.
11:19 of 1st period - Puck is out of play.
11:20 of 1st period - Nick Suzuki wins face-off versus Stefan Noesen in Capitals zone.
11:28 of 1st period - Off-side.
11:29 of 1st period - Nick Suzuki wins face-off versus Stefan Noesen in neutral zone.
11:56 of 1st period - Wrist shot by Michael Bunting.
11:56 of 1st period - Shot Blocked by Alex Pietrangelo.
12:18 of 1st period - Slapshot by Alex Pietrangelo.
12:18 of 1st period - Stopped by Marc-Andre Fleury without a rebound.
12:19 of 1st period - Anthony Cirelli wins face-off versus Dylan Strome in Maple Leafs zone.
13:02 of 1st period - Dawson Mercer is hit by Leon Draisaitl and loses puck.
13:17 of 1st period - Slapshot by Alex Iafallo.
13:17 of 1st period - Stopped by Marc-Andre Fleury without a rebound.
13:18 of 1st period - Dylan Strome wins face-off versus Anthony Cirelli in Maple Leafs zone.
13:22 of 1st period - Off-side.
13:23 of 1st period - Anthony Cirelli wins face-off versus Dylan Strome in neutral zone.
13:48 of 1st period - Carter Verhaeghe is hit by P.K. Subban.
14:16 of 1st period - Snap shot by Alex Ovechkin.
14:16 of 1st period - Shot Misses the Net.
14:58 of 1st period - Slapshot by William Nylander.
14:58 of 1st period - Stopped by Filip Gustavsson without a rebound.
14:59 of 1st period - Stefan Noesen wins face-off versus Jonathan Marchessault in Capitals zone.
15:14 of 1st period - Slapshot by Stefan Noesen.
15:14 of 1st period - Shot Misses the Net.
15:25 of 1st period - Icing by Will Smith.
15:26 of 1st period - Will Smith wins face-off versus Anthony Cirelli in Maple Leafs zone.
16:01 of 1st period - Alex Iafallo is hit by Carter Verhaeghe and loses puck.
16:22 of 1st period - Wrist shot by Stefan Noesen.
16:22 of 1st period - Deflect By Zach Benson.
16:22 of 1st period - Shot Blocked by Jonathan Marchessault.
16:22 of 1st period - Puck is out of play.
16:23 of 1st period - Dylan Strome wins face-off versus Anthony Cirelli in Maple Leafs zone.
16:48 of 1st period - Alex Iafallo is hit by Andrew Peeke.
17:14 of 1st period - David Savard is hit by Ross Colton and loses puck.
17:31 of 1st period - Sean Durzi is hit by Matt Martin and loses puck.
17:38 of 1st period - Alex Pietrangelo is hit by Jason Spezza and loses puck.
17:53 of 1st period - Calvin de Haan is hit by William Nylander and loses puck.
18:16 of 1st period - Wrist shot by Carter Verhaeghe.
18:16 of 1st period - Deflect By Michael Bunting.
18:16 of 1st period - Shot Misses the Net.
18:16 of 1st period - Puck is out of play.
18:17 of 1st period - Nick Suzuki wins face-off versus Stefan Noesen in Capitals zone.
18:25 of 1st period - Morgan Rielly is hit by Matt Martin and loses puck.
18:52 of 1st period - Backhand shot by Alex Ovechkin.
18:52 of 1st period - Stopped by Marc-Andre Fleury with a rebound.
18:54 of 1st period - Slapshot by Calvin de Haan.
18:54 of 1st period - Stopped by Marc-Andre Fleury without a rebound.
18:55 of 1st period - Dylan Strome wins face-off versus Anthony Cirelli in Maple Leafs zone.
18:55 of 1st period - Dylan Strome is hit by Filip Chytil.
19:21 of 1st period - Jake Bean is hit by Matt Martin and loses puck.
19:26 of 1st period - Wrist shot by Stefan Noesen.
19:26 of 1st period - Shot Blocked by Dawson Mercer.
19:28 of 1st period - Backhand shot by Matt Martin.
19:28 of 1st period - Shot Blocked by Dawson Mercer.
19:30 of 1st period - Wrist shot by Matt Martin.
19:30 of 1st period - Stopped by Marc-Andre Fleury with a rebound.
19:48 of 1st period - Calle Jarnkrok is hit by Alex Iafallo and loses puck.
Goals for this period are 0 for Maple Leafs vs 0 for Capitals.
Shots for this period are 9 for Maple Leafs vs 7 for Capitals.

2nd period


0:01 of 2nd period - Dylan Strome wins face-off versus Anthony Cirelli in neutral zone.
0:12 of 2nd period - Wrist shot by William Nylander.
0:12 of 2nd period - Stopped by Filip Gustavsson without a rebound.
0:13 of 2nd period - Dawson Mercer wins face-off versus Anthony Cirelli in Capitals zone.
0:20 of 2nd period - Wrist shot by Will Smith.
0:20 of 2nd period - Stopped by Filip Gustavsson with a rebound.
0:39 of 2nd period - Jonathan Marchessault is hit by Matt Martin and loses puck.
1:00 of 2nd period - Alex Iafallo is hit by Nick Suzuki and loses puck.
2:09 of 2nd period - Off-side.
2:10 of 2nd period - Nick Suzuki wins face-off versus Leon Draisaitl in neutral zone.
2:18 of 2nd period - Wrist shot by Carter Verhaeghe.
2:18 of 2nd period - Stopped by Filip Gustavsson without a rebound.
2:19 of 2nd period - Nick Suzuki wins face-off versus Leon Draisaitl in Capitals zone.
2:24 of 2nd period - Snap shot by Nick Suzuki.
2:24 of 2nd period - Stopped by Filip Gustavsson without a rebound.
2:25 of 2nd period - Anthony Cirelli wins face-off versus Dylan Strome in Capitals zone.
2:25 of 2nd period - Anthony Cirelli is hit by Kris Letang.
2:35 of 2nd period - Wrist shot by Anthony Cirelli.
2:35 of 2nd period - Stopped by Marc-Andre Fleury without a rebound.
2:36 of 2nd period - Nick Suzuki wins face-off versus Joshua Norris in Maple Leafs zone.
2:41 of 2nd period - Wrist shot by Carter Verhaeghe.
2:41 of 2nd period - Shot Misses the Net.
2:43 of 2nd period - Slapshot by Jake Bean.
2:43 of 2nd period - Stopped by Filip Gustavsson without a rebound.
2:44 of 2nd period - Anthony Cirelli wins face-off versus Nick Suzuki in Capitals zone.
2:57 of 2nd period - Joshua Norris is hit by Jake Bean.
3:55 of 2nd period - Snap shot by Calle Jarnkrok.
3:55 of 2nd period - Shot Misses the Net.
4:19 of 2nd period - Snap shot by Carter Verhaeghe.
4:19 of 2nd period - Stopped by Filip Gustavsson with a rebound.
5:36 of 2nd period - Alex Pietrangelo is hit by Sean Durzi and loses puck.
5:53 of 2nd period - Zach Bogosian is hit by Dylan Strome.
6:01 of 2nd period - William Nylander is hit by Zach Bogosian and loses puck.
6:14 of 2nd period - Wrist shot by Will Smith.
6:14 of 2nd period - Shot Blocked by Alex Ovechkin.
6:16 of 2nd period - Slapshot by Dawson Mercer.
6:16 of 2nd period - Goal by Dawson Mercer - Maple Leafs : 1 - Capitals : 0.
6:17 of 2nd period - Nick Suzuki wins face-off versus Anthony Cirelli in neutral zone.
6:42 of 2nd period - Matt Martin is hit by Ross Colton and loses puck.
6:49 of 2nd period - Snap shot by Will Smith.
6:49 of 2nd period - Shot Blocked by Matt Martin.
6:51 of 2nd period - Slapshot by Ryan Graves.
6:51 of 2nd period - Shot Misses the Net.
6:53 of 2nd period - Wrist shot by Dawson Mercer.
6:53 of 2nd period - Shot Misses the Net.
6:55 of 2nd period - Slapshot by Sean Durzi.
6:55 of 2nd period - Stopped by Filip Gustavsson with a rebound.
7:13 of 2nd period - Snap shot by William Nylander.
7:13 of 2nd period - Stopped by Filip Gustavsson with a rebound.
7:29 of 2nd period - Snap shot by Calle Jarnkrok.
7:29 of 2nd period - Shot Misses the Net.
7:31 of 2nd period - Wrist shot by Calle Jarnkrok.
7:31 of 2nd period - Stopped by Filip Gustavsson with a rebound.
7:33 of 2nd period - Snap shot by Kris Letang.
7:33 of 2nd period - Shot Blocked by Zach Bogosian.
7:35 of 2nd period - Slapshot by Morgan Rielly.
7:35 of 2nd period - Stopped by Filip Gustavsson with a rebound.
7:49 of 2nd period - Nick Holden is hit by Kris Letang and loses puck.
7:56 of 2nd period - Snap shot by Will Smith.
7:56 of 2nd period - Shot Blocked by Leon Draisaitl.
7:58 of 2nd period - Snap shot by Ross Colton.
7:58 of 2nd period - Shot Blocked by P.K. Subban.
8:14 of 2nd period - Michael Bunting is hit by Matt Martin and loses puck.
8:30 of 2nd period - Minor Penalty to Dylan Strome for Tripping.
8:31 of 2nd period - Leon Draisaitl wins face-off versus William Nylander in Maple Leafs zone.
8:33 of 2nd period - Wrist shot by Leon Draisaitl.
8:33 of 2nd period - Stopped by Marc-Andre Fleury with a rebound.
8:35 of 2nd period - Slapshot by David Savard.
8:35 of 2nd period - Shot Misses the Net.
8:37 of 2nd period - Snap shot by Alex Ovechkin.
8:37 of 2nd period - Goal by Alex Ovechkin - Maple Leafs : 1 - Capitals : 1.
8:38 of 2nd period - Anthony Cirelli wins face-off versus Dylan Strome in neutral zone.
8:51 of 2nd period - Backhand shot by Jonathan Marchessault.
8:51 of 2nd period - Shot Blocked by Anthony Cirelli.
8:53 of 2nd period - Wrist shot by Morgan Rielly.
8:53 of 2nd period - Shot Blocked by David Savard.
9:30 of 2nd period - Ross Colton is hit by Leon Draisaitl and loses puck.
9:45 of 2nd period - Wrist shot by Kiefer Sherwood.
9:45 of 2nd period - Shot Misses the Net.
9:47 of 2nd period - Wrist shot by Chad Ruhwedel.
9:47 of 2nd period - Stopped by Marc-Andre Fleury with a rebound.
9:49 of 2nd period - Snap shot by Chad Ruhwedel.
9:49 of 2nd period - Stopped by Marc-Andre Fleury with a rebound.
9:51 of 2nd period - Slapshot by Zach Bogosian.
9:51 of 2nd period - Deflect By Kiefer Sherwood.
9:51 of 2nd period - Shot Misses the Net.
9:51 of 2nd period - Puck is out of play.
9:52 of 2nd period - Dylan Strome wins face-off versus Anthony Cirelli in Maple Leafs zone.
10:18 of 2nd period - Alex Pietrangelo is hit by Dawson Mercer and loses puck.
10:33 of 2nd period - Slapshot by Anthony Cirelli.
10:33 of 2nd period - Shot Blocked by Ross Colton.
10:35 of 2nd period - Slapshot by Calvin de Haan.
10:35 of 2nd period - Deflect By Joshua Norris.
10:35 of 2nd period - Stopped by Marc-Andre Fleury with a rebound.
10:37 of 2nd period - Slapshot by P.K. Subban.
10:37 of 2nd period - Shot Misses the Net.
10:39 of 2nd period - Wrist shot by Filip Chytil.
10:39 of 2nd period - Shot Blocked by Sean Durzi.
10:41 of 2nd period - Snap shot by Joshua Norris.
10:41 of 2nd period - Shot Blocked by Will Smith.
10:53 of 2nd period - Snap shot by Anthony Cirelli.
10:53 of 2nd period - Shot Misses the Net.
10:55 of 2nd period - Slapshot by Zach Bogosian.
10:55 of 2nd period - Shot Blocked by Ross Colton.
10:57 of 2nd period - Snap shot by Anthony Cirelli.
10:57 of 2nd period - Stopped by Marc-Andre Fleury with a rebound.
10:59 of 2nd period - Slapshot by Filip Chytil.
10:59 of 2nd period - Stopped by Marc-Andre Fleury without a rebound.
11:00 of 2nd period - Nick Suzuki wins face-off versus Stefan Noesen in Maple Leafs zone.
11:02 of 2nd period - Minor Penalty to Kris Letang for High sticking.
11:03 of 2nd period - Alex Iafallo wins face-off versus Dylan Strome in Maple Leafs zone.
12:21 of 2nd period - Anthony Cirelli is hit by Dylan Strome and loses puck.
12:50 of 2nd period - Andrew Peeke is hit by David Savard and loses puck.
13:02 of 2nd period - Penalty to Kris Letang is over, Kris Letang is back on ice.
13:11 of 2nd period - Kiefer Sherwood is hit by Ryan Graves and loses puck.
13:24 of 2nd period - Minor Penalty to Sean Durzi for Roughing.
13:25 of 2nd period - Anthony Cirelli wins face-off versus William Nylander in Maple Leafs zone.
15:24 of 2nd period - Penalty to Sean Durzi is over, Sean Durzi is back on ice.
16:35 of 2nd period - Leon Draisaitl is hit by Calle Jarnkrok and loses puck.
17:19 of 2nd period - Wrist shot by Will Smith.
17:19 of 2nd period - Shot Misses the Net.
17:29 of 2nd period - Alex Pietrangelo is hit by Nick Suzuki and loses puck.
18:07 of 2nd period - Snap shot by Leon Draisaitl.
18:07 of 2nd period - Shot Misses the Net.
18:09 of 2nd period - Wrist shot by Alex Iafallo.
18:09 of 2nd period - Stopped by Marc-Andre Fleury with a rebound.
18:11 of 2nd period - Snap shot by Alex Iafallo.
18:11 of 2nd period - Shot Misses the Net.
18:13 of 2nd period - Wrist shot by Leon Draisaitl.
18:13 of 2nd period - Stopped by Marc-Andre Fleury with a rebound.
18:15 of 2nd period - Backhand shot by Nick Holden.
18:15 of 2nd period - Deflect By William Nylander.
18:15 of 2nd period - Stopped by Marc-Andre Fleury without a rebound.
18:16 of 2nd period - Nick Suzuki wins face-off versus Anthony Cirelli in Maple Leafs zone.
18:41 of 2nd period - Alex Ovechkin is hit by Dawson Mercer and loses puck.
19:10 of 2nd period - Calvin de Haan is hit by Jason Spezza and loses puck.
19:37 of 2nd period - Snap shot by Michael Bunting.
19:37 of 2nd period - Deflect By Carter Verhaeghe.
19:37 of 2nd period - Stopped by Filip Gustavsson with a rebound.
19:49 of 2nd period - Joshua Norris is hit by Ross Colton and loses puck.
Goals for this period are 1 for Maple Leafs vs 1 for Capitals.
Shots for this period are 12 for Maple Leafs vs 11 for Capitals.

3rd period


0:01 of 3rd period - Stefan Noesen wins face-off versus Nick Suzuki in neutral zone.
0:31 of 3rd period - Snap shot by Alex Iafallo.
0:31 of 3rd period - Stopped by Marc-Andre Fleury with a rebound.
0:33 of 3rd period - Snap shot by Alex Ovechkin.
0:33 of 3rd period - Shot Blocked by Jake Bean.
0:35 of 3rd period - Snap shot by Alex Ovechkin.
0:35 of 3rd period - Stopped by Marc-Andre Fleury without a rebound.
0:36 of 3rd period - Nick Suzuki wins face-off versus Anthony Cirelli in Maple Leafs zone.
0:47 of 3rd period - Snap shot by Nick Suzuki.
0:47 of 3rd period - Shot Misses the Net.
1:01 of 3rd period - Jake Bean is hit by Calvin de Haan and loses puck.
1:24 of 3rd period - Slapshot by Alex Iafallo.
1:24 of 3rd period - Shot Misses the Net.
1:32 of 3rd period - Backhand shot by Alex Ovechkin.
1:32 of 3rd period - Stopped by Marc-Andre Fleury with a rebound.
1:49 of 3rd period - Off-side.
1:50 of 3rd period - Jesper Froden wins face-off versus Jason Spezza in neutral zone.
1:59 of 3rd period - Snap shot by Kiefer Sherwood.
1:59 of 3rd period - Stopped by Marc-Andre Fleury with a rebound.
2:01 of 3rd period - Snap shot by Zach Bogosian.
2:01 of 3rd period - Stopped by Marc-Andre Fleury without a rebound.
2:02 of 3rd period - Nick Suzuki wins face-off versus Anthony Cirelli in Maple Leafs zone.
2:37 of 3rd period - Slapshot by Alex Pietrangelo.
2:37 of 3rd period - Stopped by Marc-Andre Fleury with a rebound.
3:09 of 3rd period - Slapshot by Alex Pietrangelo.
3:09 of 3rd period - Stopped by Marc-Andre Fleury without a rebound.
3:10 of 3rd period - Chad Ruhwedel wins face-off versus Jason Spezza in Maple Leafs zone.
3:15 of 3rd period - Snap shot by Kiefer Sherwood.
3:15 of 3rd period - Shot Misses the Net.
3:24 of 3rd period - Minor Penalty to Sean Durzi for Roughing.
3:25 of 3rd period - Anthony Cirelli wins face-off versus William Nylander in Maple Leafs zone.
3:25 of 3rd period - Snap shot by Joshua Norris.
3:25 of 3rd period - Stopped by Marc-Andre Fleury without a rebound.
3:26 of 3rd period - William Nylander wins face-off versus Joshua Norris in Maple Leafs zone.
3:36 of 3rd period - Slapshot by Anthony Cirelli.
3:36 of 3rd period - Shot Misses the Net.
3:58 of 3rd period - Leon Draisaitl is hit by William Nylander and loses puck.
4:55 of 3rd period - Jonathan Marchessault is hit by David Savard and loses puck.
5:24 of 3rd period - Penalty to Sean Durzi is over, Sean Durzi is back on ice.
5:35 of 3rd period - Slapshot by Kris Letang.
5:35 of 3rd period - Shot Misses the Net.
5:53 of 3rd period - Snap shot by Nicklas Backstrom.
5:53 of 3rd period - Stopped by Filip Gustavsson with a rebound.
6:09 of 3rd period - Nick Holden is hit by Jake Bean and loses puck.
6:39 of 3rd period - Icing by Jason Spezza.
6:40 of 3rd period - Jason Spezza wins face-off versus Chad Ruhwedel in Maple Leafs zone.
6:40 of 3rd period - Jason Spezza is hit by Chad Ruhwedel.
6:48 of 3rd period - Snap shot by Will Smith.
6:48 of 3rd period - Goal by Will Smith - Maple Leafs : 2 - Capitals : 1.
6:49 of 3rd period - Anthony Cirelli wins face-off versus Dylan Strome in neutral zone.
6:54 of 3rd period - Wrist shot by Anthony Cirelli.
6:54 of 3rd period - Shot Misses the Net.
7:11 of 3rd period - Icing by David Savard.
7:12 of 3rd period - Joshua Norris wins face-off versus Michael Bunting in Capitals zone.
7:41 of 3rd period - Snap shot by Stefan Noesen.
7:41 of 3rd period - Shot Misses the Net.
7:50 of 3rd period - Minor Penalty to Dylan Strome for Tripping.
7:51 of 3rd period - William Nylander wins face-off versus Anthony Cirelli in Maple Leafs zone.
8:23 of 3rd period - Snap shot by Nick Suzuki.
8:23 of 3rd period - Shot Hit the Post.
8:25 of 3rd period - Slapshot by Dawson Mercer.
8:25 of 3rd period - Stopped by Filip Gustavsson with a rebound.
9:50 of 3rd period - Penalty to Dylan Strome is over, Dylan Strome is back on ice.
10:30 of 3rd period - Alex Pietrangelo is hit by Andrew Peeke and loses puck.
10:38 of 3rd period - Icing by Alex Pietrangelo.
10:39 of 3rd period - Leon Draisaitl wins face-off versus Will Smith in Capitals zone.
10:48 of 3rd period - Wrist shot by Alex Ovechkin.
10:48 of 3rd period - Shot Misses the Net.
11:02 of 3rd period - Zach Benson is hit by Michael Bunting and loses puck.
11:19 of 3rd period - Zach Bogosian is hit by Jonathan Marchessault.
11:39 of 3rd period - Wrist shot by Anthony Cirelli.
11:39 of 3rd period - Shot Misses the Net.
13:27 of 3rd period - Snap shot by Joshua Norris.
13:27 of 3rd period - Shot Blocked by Dawson Mercer.
13:29 of 3rd period - Slapshot by Alex Pietrangelo.
13:29 of 3rd period - Stopped by Marc-Andre Fleury without a rebound.
13:30 of 3rd period - Nick Suzuki wins face-off versus Anthony Cirelli in Maple Leafs zone.
13:55 of 3rd period - Snap shot by Will Smith.
13:55 of 3rd period - Shot Hit the Post.
13:57 of 3rd period - Wrist shot by Ross Colton.
13:57 of 3rd period - Stopped by Filip Gustavsson with a rebound.
13:59 of 3rd period - Slapshot by Morgan Rielly.
13:59 of 3rd period - Stopped by Filip Gustavsson without a rebound.
14:00 of 3rd period - Leon Draisaitl wins face-off versus Dawson Mercer in Capitals zone.
14:00 of 3rd period - Leon Draisaitl is hit by Ross Colton.
14:30 of 3rd period - Wrist shot by Will Smith.
14:30 of 3rd period - Stopped by Filip Gustavsson without a rebound.
14:31 of 3rd period - Dylan Strome wins face-off versus Anthony Cirelli in Capitals zone.
14:36 of 3rd period - Wrist shot by Jonathan Marchessault.
14:36 of 3rd period - Shot Hit the Post.
14:56 of 3rd period - Sean Durzi is hit by Zach Bogosian.
15:18 of 3rd period - Snap shot by Dawson Mercer.
15:18 of 3rd period - Stopped by Filip Gustavsson without a rebound.
15:19 of 3rd period - Stefan Noesen wins face-off versus Will Smith in Capitals zone.
15:49 of 3rd period - Off-side.
15:50 of 3rd period - Leon Draisaitl wins face-off versus William Nylander in neutral zone.
16:16 of 3rd period - Will Smith is hit by Matt Martin and loses puck.
16:21 of 3rd period - Wrist shot by Zach Benson.
16:21 of 3rd period - Shot Hit the Post.
16:23 of 3rd period - Wrist shot by Matt Martin.
16:23 of 3rd period - Shot Misses the Net.
16:29 of 3rd period - Snap shot by Stefan Noesen.
16:29 of 3rd period - Shot Misses the Net.
16:45 of 3rd period - Off-side.
16:46 of 3rd period - Dylan Strome wins face-off versus Anthony Cirelli in neutral zone.
17:07 of 3rd period - Backhand shot by Anthony Cirelli.
17:07 of 3rd period - Shot Hit the Post.
17:09 of 3rd period - Slapshot by Alex Pietrangelo.
17:09 of 3rd period - Shot Misses the Net.
17:11 of 3rd period - Wrist shot by Filip Chytil.
17:11 of 3rd period - Shot Misses the Net.
17:13 of 3rd period - Slapshot by Filip Chytil.
17:13 of 3rd period - Stopped by Marc-Andre Fleury with a rebound.
17:15 of 3rd period - Slapshot by David Savard.
17:15 of 3rd period - Shot Misses the Net.
17:17 of 3rd period - Wrist shot by Filip Chytil.
17:17 of 3rd period - Goal by Filip Chytil - Maple Leafs : 2 - Capitals : 2.
17:18 of 3rd period - Will Smith wins face-off versus Stefan Noesen in neutral zone.
17:28 of 3rd period - Matt Martin and Ross Colton fight to a draw.
17:28 of 3rd period - Penalty to Matt Martin for Fighting.
17:28 of 3rd period - Penalty to Ross Colton for Fighting.
17:29 of 3rd period - Stefan Noesen wins face-off versus Will Smith in neutral zone.
17:56 of 3rd period - Joshua Norris is hit by Jonathan Marchessault and loses puck.
18:20 of 3rd period - Slapshot by Michael Bunting.
18:20 of 3rd period - Shot Misses the Net.
18:22 of 3rd period - Slapshot by Sean Durzi.
18:22 of 3rd period - Shot Blocked by Leon Draisaitl.
18:27 of 3rd period - Slapshot by Michael Bunting.
18:27 of 3rd period - Stopped by Filip Gustavsson without a rebound.
18:28 of 3rd period - Stefan Noesen wins face-off versus Will Smith in Capitals zone.
18:41 of 3rd period - Snap shot by Dawson Mercer.
18:41 of 3rd period - Shot Misses the Net.
18:43 of 3rd period - Slapshot by Andrew Peeke.
18:43 of 3rd period - Shot Misses the Net.
18:53 of 3rd period - Andrew Peeke is hit by Joshua Norris and loses puck.
19:00 of 3rd period - Wrist shot by Filip Chytil.
19:00 of 3rd period - Shot Blocked by Morgan Rielly.
19:02 of 3rd period - Wrist shot by Joshua Norris.
19:02 of 3rd period - Shot Misses the Net.
19:04 of 3rd period - Snap shot by Joshua Norris.
19:04 of 3rd period - Shot Misses the Net.
19:06 of 3rd period - Snap shot by Anthony Cirelli.
19:06 of 3rd period - Stopped by Marc-Andre Fleury with a rebound.
19:33 of 3rd period - Snap shot by Michael Bunting.
19:33 of 3rd period - Shot Blocked by Calvin de Haan.
19:35 of 3rd period - Wrist shot by Calle Jarnkrok.
19:35 of 3rd period - Stopped by Filip Gustavsson without a rebound.
19:36 of 3rd period - Leon Draisaitl wins face-off versus Dylan Strome in Capitals zone.
19:59 of 3rd period - Leon Draisaitl is hit by Michael Bunting and loses puck.
Goals for this period are 1 for Maple Leafs vs 1 for Capitals.
Shots for this period are 9 for Maple Leafs vs 12 for Capitals.

Overtime #1


0:01 of 1st overtime period - Jonathan Marchessault wins face-off versus Leon Draisaitl in neutral zone.
0:26 of 1st overtime period - Anthony Cirelli is hit by Kris Letang and loses puck.
0:35 of 1st overtime period - Wrist shot by Nick Suzuki.
0:35 of 1st overtime period - Shot Hit the Post.
0:37 of 1st overtime period - Slapshot by Dylan Strome.
0:37 of 1st overtime period - Shot Blocked by Alex Pietrangelo.
0:39 of 1st overtime period - Slapshot by Nick Suzuki.
0:39 of 1st overtime period - Deflect By Anthony Cirelli.
0:39 of 1st overtime period - Stopped by Filip Gustavsson without a rebound.
0:40 of 1st overtime period - Jonathan Marchessault wins face-off versus Leon Draisaitl in Capitals zone.
1:03 of 1st overtime period - Dylan Strome is hit by Alex Iafallo.
1:07 of 1st overtime period - Snap shot by Nick Suzuki.
1:07 of 1st overtime period - Shot Misses the Net.
1:09 of 1st overtime period - Wrist shot by Nick Suzuki.
1:09 of 1st overtime period - Stopped by Filip Gustavsson without a rebound.
1:10 of 1st overtime period - Anthony Cirelli wins face-off versus Jonathan Marchessault in Capitals zone.
1:27 of 1st overtime period - Wrist shot by Anthony Cirelli.
1:27 of 1st overtime period - Shot Misses the Net.
2:11 of 1st overtime period - Wrist shot by Zach Benson.
2:11 of 1st overtime period - Goal by Zach Benson - Maple Leafs : 2 - Capitals : 3.
Goals for this period are 0 for Maple Leafs vs 1 for Capitals.
Shots for this period are 2 for Maple Leafs vs 1 for Capitals.